 Dungeon Crawl Stone Soup version 0.27.0-1-g7a08968 (webtiles) character file.

Game seed: 5386318776748975983

9986 Scud the Fighter (level 11, -5/81 HPs)
             Began as a Djinni Fire Elementalist on Aug 23, 2021.
             Was a Priest of Makhleb.
             Slain by a boulder beetle (23 damage)
             ... on level 11 of the Dungeon.
             The game lasted 01:13:26 (13153 turns).

Scud the Fighter (Djinni Fire Elementalist)        Turns: 13153, Time: 01:13:27

Health: -5/81      AC:  5    Str: 13    XL:     11   Next: 84%
Gold:   491        EV: 15    Int: 25    God:    Makhleb [***...] SH:  5 Dex: 15

rFire    + + .     SeeInvis .   Q - +4 spear (vamp)
rCold    x . .     Faith    .   F - +0 buckler
rNeg     . . .     Spirit   .   W - +1 robe {Archmagi}
rPois    ∞         Reflect  .   l - +1 hat
rElec    .         Harm     .   g - +0 cloak
rCorr    .         Rampage  .   (no gloves)
Will     +....     Archmagi +   (boots unavailable)
Stlth    ++........             (no amulet)
HPRegen  0.23/turn              v - +6 ring of intelligence
MPRegen  0.00/turn              G - +6 ring of strength

@: flying, very slightly contaminated
A: sickness immunity, fire resistance 2, cold vulnerability 1, float, innate
caster, hp casting, extra vitality 1
a: Renounce Religion, Minor Destruction, Lesser Servant of Makhleb


You were on level 11 of the Dungeon.
You worshipped Makhleb.
Makhleb was most pleased with you.
You visited 3 branches of the dungeon, and saw 13 of its levels.

You collected 530 gold pieces.
You spent 39 gold pieces at shops.

Inventory:

Hand Weapons
 k - a +0 dagger of venom
 o - a +3 short sword
 u - the +7 dagger of Slime {flame, rPois}
   (You found it on level 4 of the Dungeon)

   It burns those it strikes, dealing additional fire damage.
   rPois:     It protects you from poison.
 O - a +5 vorpal scythe
 Q - a +4 vampiric spear (weapon)
 T - a +1 quarterstaff of draining
Missiles
 d - 38 poisoned darts
 z - 3 throwing nets
 E - 6 atropa-tipped darts
 H - 20 datura-tipped darts
Armour
 c - a +0 ring mail
 g - a +0 cloak (worn)
 l - a +1 hat (worn)
 r - a +1 robe of fire resistance
 F - a +0 buckler (worn)
 R - a +0 kite shield
 V - the -2 hat of the Alchemist {rElec rPois rF+ rC+ rN+ Will+ rMut rCorr}
   (You found it on level 9 of the Dungeon)

   rF:        It protects you from fire.
   rC:        It protects you from cold.
   rElec:     It insulates you from electricity.
   rPois:     It protects you from poison.
   rN:        It protects you from negative energy.
   rCorr:     It protects you from acid and corrosion.
   rMut:      It protects you from mutation.
   Will:      It increases your willpower.
 W - a +1 robe of the Archmagi (worn)
 Z - a +2 robe of positive energy
Magical Staves
 Y - a staff of conjuration
Jewellery
 v - a +6 ring of intelligence (left hand)
 y - an amulet of faith
 C - a ring of protection from fire
 G - a +6 ring of strength (right hand)
 M - a ring of see invisible
 U - a +4 ring of evasion
Wands
 A - a wand of mindburst (14) (quivered)
 J - a wand of digging (11)
 L - a wand of iceblast (6)
Scrolls
 b - 4 scrolls of enchant weapon
 e - a scroll of immolation {unknown}
 f - 2 scrolls of magic mapping {unknown}
 i - a scroll of summoning {unknown}
 m - a scroll of blinking {unknown}
 n - 2 scrolls of torment {unknown}
 s - a scroll of noise {unknown}
 t - a scroll of holy word {unknown}
 x - 3 scrolls of vulnerability
 I - a scroll of teleportation
 K - 2 scrolls of amnesia {unknown}
 N - 2 scrolls of fog {unknown}
 P - a scroll of acquirement {unknown}
Potions
 a - 2 potions of haste {unknown}
 h - 3 potions of ambrosia {unknown}
 j - a potion of flight {unknown}
 q - 5 potions of curing
 w - a potion of brilliance {unknown}
 B - 2 potions of cancellation {unknown}
 D - a potion of might {unknown}
 S - 2 potions of lignification {unknown}
 X - a potion of heal wounds {unknown}


   Skills:
 + Level 8.2 Fighting
 * Level 5.2 Polearms
 + Level 5.5 Armour
 * Level 7.3 Dodging
 - Level 1.5 Stealth
 - Level 6.0 Shields
 + Level 8.1 Spellcasting


You couldn't memorise any spells.
You knew the following spells:

 Your Spells              Type           Power      Damage    Failure   Level
a - Foxfire               Conj/Fire      100%       2x1d9     1%          1
b - Sticky Flame          Conj/Fire      67%        2d8       1%          4
c - Ensorcelled Hibernat  Hex/Ice        100%       N/A       1%          2
d - Slow                  Hex            67%        N/A       1%          2
e - Fireball              Conj/Fire      33%        3d14      6%          5
f - Bolt of Magma         Conj/Fire/Erth 33%        4d15      6%          5
g - Dispel Undead         Necr           67%        3d23      1%          4
h - Inner Flame           Hex/Fire       67%        N/A       1%          3
i - Corona                Hex            74%        N/A       1%          1
j - Conjure Flame         Conj/Fire      67%        6-21      1%          3
Your spell library was empty.

Dungeon Overview and Level Annotations

Branches:
Dungeon (11/15)            Temple (1/1) D:4            Lair (0/6) D:11
    Orc (1/2) D:9

Altars:
Ashenzari
Cheibriados
Dithmenos
Elyvilon
Fedhas
Gozag
Hepliaklqana
Kikubaaqudgha
Makhleb
Nemelex Xobeh
Okawaru
Qazlal
Ru
Sif Muna
Trog
Uskayaw
Vehumet
Wu Jian
Xom
Yredelemnul
Zin
The Shining One

Shops:
D:2 !


Innate Abilities, Weirdness & Mutations

You are immune to sickness and miasma.
You are immune to poison.
Your flesh is very heat resistant. (rF++)
You are vulnerable to cold. (rC-)
You float through the air rather than walking.
You learn spells naturally, not from books.
Your magical power is your life essence.
You have superior vitality. (+4 HP)


Message History

* * * LOW HITPOINT WARNING * * *
Casting: Fireball (dangerous; 6% risk of failure)
Confirm with . or Enter, or press ? or * to list all spells.
Aiming: Slow (safe; 1% risk of failure)
Press: ? - help, Shift-Dir - straight line, p - boulder beetle
Okay, then.
Casting: Slow (safe; 1% risk of failure)
Confirm with . or Enter, or press ? or * to list all spells.
Aiming: Fireball (dangerous; 6% risk of failure)
Press: ? - help, Shift-Dir - straight line, f/p - boulder beetle
Aim: a boulder beetle (moderately wounded, slow)
You feel a surge of power!
The fireball explodes!
The fireball engulfs the boulder beetle!!
The boulder beetle is severely wounded.
The fireball engulfs the basilisk!!
The basilisk is heavily wounded.
* * * LOW HITPOINT WARNING * * *
The boulder beetle curls into a ball and begins rolling!
Casting: Fireball (dangerous; 6% risk of failure)
Confirm with . or Enter, or press ? or * to list all spells.
Aiming: Fireball (dangerous; 6% risk of failure)
Press: ? - help, Shift-Dir - straight line, f/p - boulder beetle
Aim: a boulder beetle (severely wounded, rolling, slow)
You feel a surge of power!
You miscast Fireball.
You are very lightly contaminated with residual magic.
You are caught in a violent explosion!
* * * LOW HITPOINT WARNING * * *
x2
Casting: Fireball (dangerous; 6% risk of failure)
Confirm with . or Enter, or press ? or * to list all spells.
Aiming: Fireball (dangerous; 6% risk of failure)
Press: ? - help, Shift-Dir - straight line, f/p - boulder beetle
Aim: a boulder beetle (heavily wounded, rolling, slow)
You feel a surge of power!
The fireball explodes!
The fireball engulfs the boulder beetle!
The boulder beetle is severely wounded.
The fireball engulfs the basilisk!!
The basilisk is almost dead.
* * * LOW HITPOINT WARNING * * *
You feel better. The boulder beetle hits you!!
You die...

# #########.#
#........>#####
#.##..........#
#.##.########.#
#@#.....!.###.####
#B#..####.........
#l#..# #####.#### #°#..#
#.# #.#..# #.#
#.#..########.#
.†......#...........#
>l...°#...........######
....°####.#######.#.....


You could see a boulder beetle (rolling, slow) and a basilisk.

Vanquished Creatures
  Josephine (D:10)
  An ettin (Orc:1)
  2 two-headed ogres
  A troll (D:9)
  Prince Ribbit (D:7)
  Sigmund (D:2)
  A vampire (D:9)
  A basilisk (D:11)
  4 wraiths (D:10)
  2 wyverns
  6 yaks
  A steam dragon (D:7)
  An acid dragon (D:9)
  3 necrophages
  4 orc warriors
  An ice beast (D:6)
  4 sky beasts
  2 black bears
  2 ogres
  6 centaurs
  A kobold brigand (D:8)
  2 bullfrogs
  A gnoll sergeant (D:8)
  A wyvern zombie (D:8)
  A water moccasin skeleton (D:5)
  11 killer bees
  7 wights
  3 centaur zombies
  4 orc priests
  5 hounds
  A gnoll shaman (D:6)
  A jelly (D:6)
  A centaur skeleton (D:7)
  Jessica (D:2)
  3 iguanas
  16 orc wizards
  A killer bee zombie (D:7)
  A hound zombie (D:5)
  A hound skeleton (D:4)
  A howler monkey zombie (D:8)
  16 gnolls
  6 adders
  2 white imps
  3 adder skeletons (D:4)
  3 worms
  2 dart slugs
  27 orcs
  7 ball pythons
  3 bats
  5 endoplasms
  3 giant cockroaches
  9 goblins
  6 hobgoblins
  16 jackals
  5 quokkas
  4 frilled lizards
  8 kobolds
  8 rats
241 creatures vanquished.

Vanquished Creatures (others)
  706 foxfires
706 creatures vanquished.

Grand Total: 947 creatures vanquished

Notes
Turn   | Place    | Note
-------+----------+-------------------------------------------
     0 | D:1      | Scud the Djinni Fire Elementalist began the quest for the
                  | Orb.
     0 | D:1      | Reached XP level 1. HP: 15/15 MP: 0/0
   146 | D:1      | Reached XP level 2. HP: 8/21 MP: 0/0
   969 | D:1      | Reached XP level 3. HP: 26/26 MP: 0/0
   969 | D:1      | Learned a level 1 spell: Corona
  1939 | D:2      | Noticed Sigmund
  2097 | D:2      | Reached skill level 1 in Fighting
  2308 | D:2      | Noticed Jessica
  2312 | D:2      | Killed Jessica
  2313 | D:2      | Reached XP level 4. HP: 21/32 MP: 0/0
  2848 | D:3      | Reached skill level 1 in Armour
  2912 | D:3      | Reached XP level 5. HP: 32/38 MP: 0/0
  2912 | D:3      | Learned a level 2 spell: Ensorcelled Hibernation
  3272 | D:3      | Found a faded altar of an unknown god.
  3374 | D:3      | Found a hazy altar of Hepliaklqana.
  3511 | D:2      | Found Kigihusi's Distillery.
  3525 | D:2      | Bought a potion of curing for 39 gold pieces
  3849 | D:4      | Noticed a sky beast
  3855 | D:4      | Killed a sky beast
  3856 | D:4      | Reached XP level 6. HP: 32/45 MP: 0/0
  3939 | D:4      | Found a staircase to the Ecumenical Temple.
  3955 | Temple   | Entered the Ecumenical Temple
  4065 | D:4      | Identified the +7 dagger of Slime {flame, rPois}
  4389 | D:4      | Found a burning altar of Makhleb.
  4395 | D:4      | Became a worshipper of Makhleb the Destroyer
  4693 | D:4      | Found a sacrificial altar of Ru.
  4698 | D:4      | Found an iron altar of Okawaru.
  4771 | D:4      | Reached XP level 7. HP: 46/50 MP: 0/0
  4771 | D:4      | Learned a level 2 spell: Slow
  5033 | D:5      | Entered Level 5 of the Dungeon
  5490 | D:5      | Reached XP level 8. HP: 50/58 MP: 0/0
  5840 | D:5      | Reached * piety under Makhleb
  5880 | D:5      | Reached skill level 5 in Fighting
  5880 | D:5      | Reached skill level 5 in Spellcasting
  5998 | D:5      | Found a broken altar of Ashenzari.
  6330 | D:6      | Reached skill level 1 in Shields
  6339 | D:6      | Reached XP level 9. HP: 52/66 MP: 0/0
  6339 | D:6      | Learned a level 4 spell: Dispel Undead
  7193 | D:7      | Noticed Prince Ribbit
  7684 | D:7      | Reached ** piety under Makhleb
  8035 | D:7      | Killed Prince Ribbit
  8456 | D:7      | Found a shadowy altar of Dithmenos.
  8792 | D:2      | Killed Sigmund
  8793 | D:2      | Reached XP level 10. HP: 60/75 MP: 0/0
  9019 | D:8      | Reached skill level 5 in Shields
  9090 | D:8      | Found a basalt altar of Yredelemnul.
  9578 | D:8      | Reached skill level 5 in Dodging
  9792 | D:8      | Found a sparkling altar of Nemelex Xobeh.
  9987 | D:9      | Reached skill level 1 in Polearms
  9996 | D:9      | Reached *** piety under Makhleb
 10153 | D:9      | Noticed a two-headed ogre
 10393 | D:9      | Killed a two-headed ogre
 10487 | D:9      | Found a staircase to the Orcish Mines.
 10505 | D:9      | Reached skill level 5 in Armour
 10629 | D:9      | Found a bloodstained altar of Trog.
 10639 | D:9      | Found a blossoming altar of Fedhas.
 10692 | D:9      | Found the -2 hat of the Alchemist {rElec rPois rF+ rC+ rN+
                  | Will+ rMut rCorr}
 10943 | D:10     | Entered Level 10 of the Dungeon
 10953 | D:10     | Reached XP level 11. HP: 66/81 MP: 0/0
 10953 | D:10     | Learned a level 5 spell: Bolt of Magma
 11498 | D:10     | Noticed Josephine
 11553 | Orc:1    | Entered Level 1 of the Orcish Mines
 11556 | Orc:1    | Noticed an ettin
 11561 | Orc:1    | Killed an ettin
 11699 | D:10     | Killed Josephine
 12847 | D:11     | Noticed a two-headed ogre
 12865 | D:11     | Killed a two-headed ogre
 12866 | D:11     | Reached skill level 5 in Polearms
 12966 | D:11     | Noticed a boulder beetle
 13140 | D:11     | Found a staircase to the Lair.
 13140 | D:11     | Noticed a boulder beetle
 13153 | D:11     | Slain by a boulder beetle

Illustrated notes

Levels and vault maps discovered:
D:1:      lightli_arrival_noodles, layout_basic
D:2:      layout_basic, serial_shops, shop, uniq_jessica, uniq_sigmund
D:3:      layout_rooms, lemuel_doored_altar, dreamdust_ecumenical_altar_statues
D:4:      layout_rooms, lightli_temple_of_fire, grunt_temple_overflow_open,
          minmay_temple_entry_purple_smoke, kennysheep_diamond,
          kennysheep_decorative_pillar, hangedman_decor_clover_reticule,
          grunt_ministairs_5, serial_bayou_pond_b
D:5:      layout_rooms, lemuel_round_altar
D:6:      layout_cave_pools, minivault_23, grunt_decor_resistance
D:7:      layout_cave_pools, kennysheep_orc_sif_temple,
          mainiacjoe_overflow_six_doors_small, serial_column_ruins,
          column_ruins_open_tiny, column_ruins_open_tiny,
          column_ruins_columns_straight, column_ruins_open_medium, minivault_27,
          st_stairs_3, uniq_prince_ribbit1
D:8:      layout_gridville, mainiacjoe_overflow_paths,
          nemelex_diamond_rough_becter, dk_rats_in_the_wall
D:9:      layout_rooms, mainiacjoe_overflow_concentric_impassable,
          mainiacjoe_overflow_large_starburst, david_orc_3
D:10:     layout_gridville, uniq_josephine
D:11:     layout_loops_ring, david_lair_generic, uniq_erolcha
Temple:   zaba_magenta_temple
Orc:1:    layout_caves, basic_altar, serial_shops, nicolae_shop_crystal

Skill      XL: |  1  2  3  4  5  6  7  8  9 10 11 |
---------------+----------------------------------+-----
Spellcasting   | 3 4 5 6 7 8 |  8.1
Fighting       | 1 2 3 4 6 7 8 |  8.2
Armour         | 1 2 3 5 |  5.5
Dodging        | 3 4 5 7 |  7.3
Shields        | 1 4 5 6 |  6.0
Polearms       | 3 5 |  5.2
Stealth        | |  1.5

Action                   |  1- 3 |  4- 6 |  7- 9 | 10-12 || total
-------------------------+-------+-------+-------+-------++-------
Melee: Unarmed           |     1 |       |       |       ||     1
       Spear             |    28 |    19 |       |    28 ||    75
       Dagger            |       |     1 |    21 |     3 ||    25
Throw: Dart              |       |    16 |    11 |     3 ||    30
 Cast: Foxfire           |    53 |   131 |   105 |   145 ||   434
       Corona            |       |     6 |     1 |       ||     7
       Sticky Flame      |       |     1 |    18 |    13 ||    32
       Ensorcelled Hiber |       |       |     8 |     2 ||    10
       Fireball          |       |       |    13 |    38 ||    51
       Slow              |       |       |     1 |     2 ||     3
       Conjure Flame     |       |       |     1 |       ||     1
       Bolt of Magma     |       |       |       |     1 ||     1
       Dispel Undead     |       |       |       |     1 ||     1
Evoke: Wand              |       |       |       |     4 ||     4
  Use: Scroll            |       |       |       |     4 ||     4
       Potion            |       |       |       |     1 ||     1
 Stab: Sleeping          |     4 |     2 |     5 |     2 ||    13
Armor: Robe              |    12 |     7 |    13 |    13 ||    45
       Leather armour    |       |     2 |       |       ||     2
       Ring mail         |       |       |       |     4 ||     4
Dodge: Dodged            |    34 |    14 |    25 |    64 ||   137
Block: Buckler           |       |       |     7 |    29 ||    36
